Map: Romanticide LE

Players

DarkerDayzud

  • Race: Zerg Zerg
  • League: Diamond

ViBE - Winner!

  • Race: Zerg Zerg
  • League: Diamond

VOD

Have the link to the VOD?

Description

Time

  • Played on: April 20, 2021, 8:41 p.m.
  • Length: 5:38
Show
View Real Time Build Order
Export as new Build Order

DarkerDayzud Zerg 

Build Orders: Pool First 

Get SALT Encoding   

  12  0:00  Drone  
  13  0:12  Overlord  
  13  0:17  Drone  
  14  0:30  Drone x2  
  16  0:36  Drone  
  16  0:37  Extractor  
  16  0:48  Spawning Pool  
  15  0:50  Drone  
  16  0:57  Drone  
  17  1:20  Hatchery  
  17  1:22  Drone  
  17  1:39  Zergling x6  
  20  1:42  Metabolic Boost  
  20  1:49  Overlord  
  20  1:58  Queen  
  22  2:08  Drone  
  23  2:12  Drone  
  24  2:23  Drone  
  25  2:34  Drone x2  
  27  2:45  Drone x2, Queen  
  31  2:53  Overlord  
  31  3:04  Drone  
  31  3:05  Drone x2  
  34  3:06  Queen  
  36  3:16  Drone  
  37  3:20  Drone x4  
  41  3:28  Drone  
  41  3:30  Overlord  
  42  3:36  Spine Crawler  
  42  3:37  Spine Crawler, Zergling x2  
  42  3:39  Queen  
  43  3:47  Zergling x2  
  44  3:49  Overlord  
  44  3:54  Zergling x8  
  48  3:59  Baneling Nest  
  47  4:04  Evolution Chamber  
  45  4:15  Zergling x2  
  45  4:16  Zergling x6  
  32  4:18  Zergling x2  
  32  4:21  Zergling x2  
  28  4:25  Queen  
  28  4:30  Queen  
  29  4:35  Drone  
  29  4:36  Drone  
  26  4:43  Baneling  
  26  4:44  Baneling x2  
  26  4:45  Zergling x2  
  27  4:49  Drone  
  25  5:06  Zergling x4  
  25  5:07  Zergling x2  
Show
View Real Time Build Order
Export as new Build Order

ViBE Zerg - Winner!

Build Orders: Hatch First, Zergling Baneling 

Get SALT Encoding   

  12  0:00  Drone  
  13  0:12  Overlord  
  13  0:20  Drone  
  14  0:31  Drone  
  14  0:32  Drone  
  16  0:49  Hatchery  
  15  0:52  Drone  
  15  0:55  Drone  
  17  1:00  Drone  
  18  1:11  Extractor  
  17  1:16  Spawning Pool  
  17  1:17  Drone  
  17  1:20  Drone  
  18  1:28  Drone  
  19  1:55  Overlord  
  19  2:03  Queen x2  
  19  2:04  Drone x3  
  26  2:10  Metabolic Boost  
  26  2:12  Zergling x4  
  28  2:25  Spine Crawler  
  28  2:28  Zergling x2  
  28  2:43  Zergling x6  
  30  2:49  Baneling Nest  
  30  2:51  Zergling x4  
  31  3:02  Overlord  
  32  3:06  Overlord  
  32  3:10  Hatchery  
  31  3:13  Zergling x2  
  31  3:14  Zergling x2  
  33  3:25  Zergling x6  
  36  3:34  Zergling x6  
  36  3:36  Zergling x2  
  40  3:45  Baneling x6  
  40  3:47  Baneling  
  40  4:04  Zergling x12  
  45  4:15  Zergling x6  
  36  4:26  Zergling x8  
  39  4:35  Baneling x6  
  38  4:53  Zergling x12  
  44  5:05  Zergling x8  
  47  5:11  Baneling x4  
Tags
 
Add a new tag
Caveats
  • Supply blocks, unpowered buildings, or Contaminate may cause inaccurate times.
  • Supply counts are checked every 10 seconds.